 Dungeon Crawl Stone Soup version 0.28-a0-631-g0446da8ef9 (webtiles) character file.

Game seed: 4170801401278412211

129 siradein the Firebug (level 4, -6/33 HPs)
             Began as a Draconian Fire Elementalist on Oct 10, 2021.
             Killed from afar by Terence (10 damage)
             ... with a puff of flame
             ... on level 2 of the Dungeon.
             The game lasted 00:05:55 (2521 turns).

siradein the Firebug (Draconian Fire Elementalist)  Turns: 2521, Time: 00:05:56

Health: -6/33      AC:  5    Str: 10    XL:     4   Next: 88%
Magic:  3/8        EV: 12    Int: 17    God:
Gold:   88         SH:  0    Dex: 11    Spells: 3/9 levels left

rFire   . . .      SeeInvis .   a - +0 short sword (drain)
rCold   . . .      Faith    .   (no shield)
rNeg    . . .      Spirit   .   (armour unavailable)
rPois   .          Reflect  .   (helmet restricted)
rElec   .          Harm     .   (no cloak)
rCorr   .          Rampage  .   (no gloves)
Will    .....                   (no boots)
Stlth   ++........              (no amulet)
HPRegen 0.11/turn               (no ring)
MPRegen 0.11/turn               (no ring)

@: no status effects
A: AC +5, unfitting armour, cold-blooded
a: no special abilities


You were on level 2 of the Dungeon.
You visited 1 branch of the dungeon, and saw 2 of its levels.

You collected 88 gold pieces.

Inventory:

Hand Weapons
 a - a +0 short sword of draining (weapon)
Armour
 g - a +0 buckler
Scrolls
 c - a scroll of identify {unknown}
 d - a scroll of acquirement {unknown}
 e - a scroll of blinking {unknown}
Potions
 b - a potion of brilliance {unknown}
 f - a potion of flight {unknown}


   Skills:
 - Level 2.0 Dodging
 - Level 1.7 Stealth
 + Level 3.1 Spellcasting
 + Level 2.7 Conjurations
 + Level 4.0 Fire Magic


You had 3 spell levels left.
You knew the following spells:

 Your Spells              Type           Power      Damage    Failure   Level
a - Foxfire               Conj/Fire      56%        2x1d6     4%          1
b - Scorch                Fire           32%        2d6       4%          2
c - Inner Flame           Hex/Fire       9%         N/A       22%         3

Your spell library contained the following spells:

 Spells                   Type           Power      Damage    Failure   Level
 Conjure Flame            Conj/Fire      14%        6-21      13%         3
 Flame Wave               Conj/Fire      14%        3d5       38%         4


Dungeon Overview and Level Annotations

Branches:
Dungeon (2/15)

Altars:

Annotations:
D:2 Terence


Innate Abilities, Weirdness & Mutations

Your plain brown scales are hard. (AC +5)
You cannot fit into any form of body armour.
You are cold-blooded and may be slowed by cold attacks.


Message History

Terence's fire resistance burns away.
Casting: Foxfire (safe; 4% risk of failure)
Press: ? - help, Q - select action, (/) - cycle Dir - look around, f - activate You conjure some foxfire!
Terence zaps a wand.
The puff of flame misses you.
You hit Terence but do no damage.
Terence is moderately wounded.
The foxfire hits Terence but does no damage.
Terence is moderately wounded.
The foxfire hits Terence but does no damage.
Terence is moderately wounded.
Terence hits you with a +2 flail of protection.
Casting: Foxfire (safe; 4% risk of failure)
Press: ? - help, Q - select action, (/) - cycle Dir - look around, f - activate You conjure some foxfire!
Terence barely misses you.
You barely miss Terence.
Terence is moderately wounded.
Terence is no longer more vulnerable to fire.
The foxfire hits Terence but does no damage.
Terence is moderately wounded.
The foxfire hits Terence but does no damage.
Terence is moderately wounded.
Terence hits you with a +2 flail of protection.
Your magical contamination has completely faded away.
Casting: Foxfire (safe; 4% risk of failure)
Press: ? - help, Q - select action, (/) - cycle Dir - look around, f - activate You conjure some foxfire!
Terence zaps a wand.
The puff of flame hits you!
You are too injured to fight recklessly!
Unknown command.
Unknown command.
The foxfire hits Terence but does no damage.
Terence is moderately wounded.
The foxfire hits Terence but does no damage.
Terence is moderately wounded.
Terence zaps a wand.
The puff of flame hits you!
* * * LOW HITPOINT WARNING * * *
Terence zaps a wand.
The puff of flame hits you!
You die...

.## ............# #.)#.#
.# #..##.#....# #..<.# ##
#...#.#....####### #.##.#
# #.............####.##.#
.# ##....................#
. ..
##..####..##..........
#..#. ##.#.#
#.)#######.####
......#..#.####..#######.#
#........@..@............#
#................#######.#
######.#########†#######.#
#. #######†#.†.....# #.
........#.####### #<
..........# ## ###########


You could see Terence.

Vanquished Creatures
  Natasha (thrice) (D:1)
  2 dart slugs
  5 endoplasms (D:1)
  A giant cockroach (D:1)
  5 goblins
  2 hobgoblins
  5 jackals
  5 quokkas (D:1)
  6 ball pythons
  3 bats (D:1)
  5 frilled lizards (D:1)
  4 kobolds
  2 rats (D:1)
48 creatures vanquished.

Vanquished Creatures (others)
  105 foxfires
105 creatures vanquished.

Grand Total: 153 creatures vanquished

Notes
Turn   | Place    | Note
-------+----------+-------------------------------------------
     0 | D:1      | siradein the Draconian Fire Elementalist began the quest
                  | for the Orb.
     0 | D:1      | Reached XP level 1. HP: 14/14 MP: 3/3
   288 | D:1      | Reached XP level 2. HP: 20/20 MP: 1/5
   291 | D:1      | Learned a level 2 spell: Scorch
   931 | D:1      | Reached XP level 3. HP: 26/26 MP: 4/6
  1475 | D:2      | Learned a level 3 spell: Inner Flame
  1488 | D:2      | Noticed Natasha
  1626 | D:1      | Killed Natasha
  1627 | D:1      | Reached XP level 4. HP: 16/33 MP: 0/8
  1862 | D:1      | Noticed Natasha
  1897 | D:1      | Killed Natasha
  2254 | D:1      | Noticed Natasha
  2259 | D:1      | Killed Natasha
  2260 | D:1      | Reached skill level 4 in Fire Magic
  2507 | D:2      | Noticed Terence
  2521 | D:2      | Killed from afar by Terence

Illustrated notes

Levels and vault maps discovered:
D:1:      dpeg_arrival_chambers_temple_mockup, layout_loops_ring,
          chequers_serial_rivers_small_3, minmay_ruptured
D:2:      layout_loops_ring, kennysheep_nondescript, kennysheep_generic_room_6,
          uniq_jessica, uniq_natasha, uniq_terence

Skill      XL: |  1  2  3  4 |
---------------+-------------+-----
Dodging        | 2 |  2.0
Conjurations   | 2 |  2.7
Spellcasting   | 3 |  3.1
Fire Magic     | 4 |  4.0
Stealth        | |  1.7

Action                   |  1- 3 |  4- 6 || total
-------------------------+-------+-------++-------
Melee: Short sword       |    45 |    17 ||    62
       Tailslap          |     3 |     2 ||     5
 Cast: Foxfire           |    49 |    14 ||    63
       Scorch            |       |     1 ||     1
 Stab: Sleeping          |     1 |       ||     1
Armor: Skin              |    26 |     8 ||    34
Dodge: Dodged            |    64 |    11 ||    75

Table legend: (Time is in decaauts)
 A = Elapsed time spent in this place.
 B = Non-inter-level travel time spent in this place.
 C = Inter-level travel time spent in this place.
 D = Time resting spent in this place.
 E = Time spent auto-exploring this place.
 F = Levels seen in this place.
 G = Mean time per level.
                   A        B        C        D        E       F      G
               +--------+--------+--------+--------+--------+-----+--------+
         Total |   2531 |   2515 |     16 |    451 |   1335 |   2 | 1265.5 |
       Dungeon |   2531 |   2515 |     16 |    451 |   1335 |   2 | 1265.5 |
               +--------+--------+--------+--------+--------+-----+--------+

Top non-repeatable levels by time:
     D:1: 2213 daAuts
     D:2: 318 daAuts
